 Dungeon Crawl Stone Soup version 0.27.1-33-g824d729ab1 (webtiles) character file.

Game seed: 12791374102049728911

364 bearlyready the Grave Robber (level 6, 0/41 HPs)
             Began as a Demonspawn Necromancer on Nov 24, 2021.
             Succumbed to a gnoll's poison
             ... on level 3 of the Dungeon.
             The game lasted 00:07:14 (3303 turns).

bearlyready the Grave Robber (DsNe)                 Turns: 3303, Time: 00:07:15

Health: 0/41       AC:  9    Str:  6 (9)  XL:     6   Next: 39%
Magic:  4/9        EV:  6    Int: 17 (18) God:
Gold:   42         SH:  4    Dex: 12 (13) Spells: 4/9 levels left

rFire    + + .     SeeInvis .   b - +0 trident (freeze)
rCold    x . .     Faith    .   (no shield)
rNeg     . . .     Spirit   +   d - +0 fire dragon scales
rPois    .         Reflect  .   (helmet restricted)
rElec    .         Harm     .   (no cloak)
rCorr    .         Rampage  .   f - +0 pair of gloves
Will     .....                  (no boots)
Stlth    ..........             (no amulet)
HPRegen  0.13/turn              (no ring)
MPRegen  0.22/turn              (no ring)

@: lethally poisoned (0 -> -8), weak-willed
A: horns 1, magic shield, magic regeneration, condensation shield
a: no special abilities


You were on level 3 of the Dungeon.
You visited 1 branch of the dungeon, and saw 3 of its levels.

You collected 81 gold pieces.
You spent 39 gold pieces at shops.

Inventory:

Hand Weapons
 b - a +0 trident of freezing (weapon)
Armour
 a - a +0 robe
 d - +0 fire dragon scales (worn)
 f - a +0 pair of gloves (worn)
Wands
 j - a wand of polymorph (1)
Scrolls
 i - 2 scrolls of teleportation {unknown}


   Skills:
 + Level 5.1 Polearms
 - Level 1.7 Dodging
 - Level 1.7 Stealth
 - Level 2.0 Spellcasting
 + Level 5.6 Necromancy


You had 4 spell levels left.
You knew the following spells:

 Your Spells              Type           Power      Damage    Failure   Level
a - Pain                  Necr           80%        1d8       54%         1
b - Animate Skeleton      Necr           40%        N/A       54%         1
c - Vampiric Draining     Necr           10%        2d7       88%         3

Your spell library contained the following spells:

 Spells                   Type           Power      Damage    Failure   Level
 Freeze                   Ice            4%         1d3       99%         1
 Animate Dead             Necr           10%        N/A       99%         4
 Frozen Ramparts          Ice            2%         1d2       100%        3
 Hailstorm                Conj/Ice       1%         3d3       100%        4
 Agony                    Necr           20%        N/A       100%        5


Dungeon Overview and Level Annotations

Branches:
Dungeon (3/15)

Altars:
Ru

Shops:
D:2 [*[


Innate Abilities, Weirdness & Mutations

You have a pair of small horns on your head.
When hurt, damage is shared between your health and your magic reserves.
You regenerate magic rapidly.
A meltable shield of frost defends you. (SH +4)


Message History

You feel better. The gnoll hits you but does no damage.
The gnoll hits you from afar with a +1 spear of venom.
You are poisoned.
You feel very sick.
You feel sick.
You feel sick.
You feel sick.
You don't have any such object.
Evoke which item? (* to show all) (? for menu, Esc to quit)
Aiming: Polymorph
Press: ? - help, Shift-Dir - straight line, f/p - gnoll
Aim: a gnoll, wielding a +1 spear of venom (will become a river rat, a jackal, or a warg, chance to affect: 54%)
Okay, then.
Aiming: Polymorph
Press: ? - help, Shift-Dir - straight line, f/p - gnoll
Aim: a gnoll, wielding a +1 spear of venom (will become a river rat, a jackal, or a warg, chance to affect: 54%)
The gnoll resists with significant effort.
You feel sick.
Aiming: Polymorph
Press: ? - help, Shift-Dir - straight line, f/p - gnoll
Aim: a gnoll, wielding a +1 spear of venom (will become a river rat, a jackal, or a warg, chance to affect: 54%)
The gnoll resists with significant effort.
You feel sick. The gnoll hits you but does no damage.
It was a potion of degeneration.
There was something very wrong with that liquid.
You feel weakened.
You feel dopey.
You feel clumsy.
You feel sick.
The gnoll hits you from afar with a +1 spear of venom!
* * * LOW HITPOINT WARNING * * *
Okay, then.
As you read the scroll labelled MIOSOU WUOTAD, it crumbles to dust.
You feel aware of your surroundings.
You sensed 1 altar.
It was a scroll of magic mapping.
You feel sick.
The gnoll hits you from afar with a +1 spear of venom.
* * * LOW HITPOINT WARNING * * *
You are lethally poisoned!
As you read the scroll labelled QEAQIO HINKEECH, it crumbles to dust.
Magic quickly surges around you.
It was a scroll of vulnerability.
You die...

#.###.# #.# #.# #g# #.#
######.#####
#........... ##*#####
#.####.####. #.,,...#
#.#.......#.
#.*###.#####.#.##.##.#.
#.*#..@.gg.#.#.#...#g#.
#.*#.#.###......._.....
#.##.#.# ###.#.#...#.#.
#......# #.#.##.##.#.
##.†.### #.#.......#.
#.### #g####.####. #.#
#....g...... ####.####
***######.#####
#.......#
*,,,,<*...#**,,


You could see 2 gnolls.

Vanquished Creatures
  Sigmund (D:2)
  An iguana (D:2)
  Natasha (thrice) (D:2)
  Robin (D:3)
  2 adders (D:2)
  A gnoll (D:3)
  A worm (D:2)
  2 dart slugs
  7 ball pythons
  4 endoplasms
  2 giant cockroaches (D:1)
  8 goblins
  11 hobgoblins
  4 quokkas
  A bat (D:1)
  4 frilled lizards
  5 kobolds
  3 rats (D:2)
61 creatures vanquished.

Notes
Turn   | Place    | Note
-------+----------+-------------------------------------------
     0 | D:1      | bearlyready the Demonspawn Necromancer began the quest for
                  | the Orb.
     0 | D:1      | Reached XP level 1. HP: 13/13 MP: 3/3
   513 | D:1      | Found a faded altar of an unknown god.
   604 | D:1      | Gained mutation: A meltable shield of frost defends you.
                  | (SH +4) [demonic ancestry]
   604 | D:1      | Reached XP level 2. HP: 19/19 MP: 5/5
   962 | D:1      | Reached skill level 1 in Polearms
   962 | D:1      | Reached skill level 5 in Necromancy
  1483 | D:2      | Reached XP level 3. HP: 24/24 MP: 6/6
  1692 | D:2      | Learned a level 1 spell: Animate Skeleton
  1696 | D:2      | Learned a level 3 spell: Vampiric Draining
  2052 | D:2      | Found Soeprab's Antique Armour Boutique.
  2386 | D:2      | Found Kaevag's General Store.
  2395 | D:2      | Bought a potion of curing for 39 gold pieces
  2410 | D:2      | Noticed Natasha
  2423 | D:2      | Gained mutation: You regenerate magic rapidly. [demonic
                  | ancestry]
  2423 | D:2      | Reached XP level 4. HP: 30/30 MP: 7/7
  2423 | D:2      | Killed Natasha
  2478 | D:2      | Found Qogeus's Armour Shoppe.
  2639 | D:2      | Noticed Natasha
  2645 | D:2      | Killed Natasha
  2646 | D:2      | Gained mutation: You have a pair of small horns on your
                  | head. [demonic ancestry]
  2646 | D:2      | Reached XP level 5. HP: 31/35 MP: 8/8
  2762 | D:2      | Noticed Sigmund
  2774 | D:2      | Killed Sigmund
  2775 | D:2      | Gained mutation: When hurt, damage is shared between your
                  | health and your magic reserves. [demonic ancestry]
  2775 | D:2      | Reached XP level 6. HP: 33/41 MP: 9/9
  2899 | D:2      | Noticed Natasha
  2903 | D:2      | Killed Natasha
  2904 | D:2      | Reached skill level 5 in Polearms
  2970 | D:3      | Noticed Robin
  3002 | D:3      | Killed Robin
  3100 | D:3      | Found a sacrificial altar of Ru.
  3302 | D:3      | HP: 2/41 [gnoll (1)]
  3303 | D:3      | Succumbed to a gnoll's poison

Illustrated notes

Levels and vault maps discovered:
D:1:      dpeg_arrival_tiny_i, layout_loops_ring,
          dreamdust_ecumenical_altar_statues, minmay_pentomino_t4
D:2:      layout_basic, serial_shops, nicolae_lakefront_shop, shop, shop,
          grunt_ministairs_6, uniq_natasha, uniq_sigmund
D:3:      layout_loops_cross, lemuel_tele_altar,
          nicolae_ru_sacrificial_ziggurat, chequers_serial_rivers_room_a,
          uniq_robin

Skill      XL: |  1  2  3  4  5  6 |
---------------+-------------------+-----
Polearms       | 1 2 3 4 5 |  5.1
Necromancy     | 5 |  5.6
Dodging        | |  1.7
Stealth        | |  1.7
Spellcasting   | |  2.0

Action                   |  1- 3 |  4- 6 || total
-------------------------+-------+-------++-------
Melee: Trident           |   134 |    61 ||   195
       Unarmed           |    14 |     2 ||    16
       Headbutt          |       |     4 ||     4
 Cast: Pain              |     8 |       ||     8
Evoke: Wand              |       |     2 ||     2
  Use: Potion            |     2 |     4 ||     6
       Scroll            |     1 |     2 ||     3
 Stab: Sleeping          |     2 |       ||     2
Armor: Robe              |     6 |       ||     6
       Fire dragon scale |    47 |    22 ||    69
Dodge: Dodged            |    62 |    22 ||    84
Block: Other             |    25 |     7 ||    32
